 Dungeon Crawl Stone Soup version 0.27-a0-1196-g3e9cee4cb2 (webtiles) character file.

Game seed: 16733056078575774735

6392 funkygono the Conjurer (level 10, -7/55 HPs)
             Began as a Gargoyle Fire Elementalist on May 29, 2021.
             Was a Believer of Vehumet.
             Mangled by a yak (9 damage)
             ... on level 9 of the Dungeon on May 30, 2021.
             The game lasted 00:27:34 (11559 turns).

funkygono the Conjurer (GrFE)                      Turns: 11559, Time: 00:27:34

Health: -7/55      AC: 18    Str: 13    XL:     10   Next: 97%
Magic:  4/21       EV: 12    Int: 18    God:    Vehumet [**....]
Gold:   417        SH:  5    Dex: 10    Spells: 7/24 levels left

rFire    + . .     SeeInvis .   g - +6 flail (holy)
rCold    x . .     Faith    .   (no shield)
rNeg     + . .     Spirit   .   L - +0 acid dragon scales
rPois    ∞         Reflect  +   (no helmet)
rElec    +         Harm     .   x - +2 cloak {rPois}
rCorr    +         Rampage  .   l - +0 pair of gloves
Will     .....                  y - +0 pair of boots
Stlth    +.........             r - amulet of reflection
HPRegen  0.18/turn              p - ring of flight
MPRegen  0.17/turn              s - ring of fire

@: flying
A: sickness immunity, AC +7, negative energy resistance 1, electricity
resistance, torment resistance 1, petrification resistance
a: Renounce Religion


You were on level 9 of the Dungeon.
You worshipped Vehumet.
Vehumet was pleased with you.
You visited 2 branches of the dungeon, and saw 10 of its levels.

You collected 475 gold pieces.
You spent 58 gold pieces at shops.

Inventory:

Hand Weapons
 f - a +1 club
 g - a +6 flail of holy wrath (weapon)
 z - a +0 flail of protection
 G - the +9 scimitar "Husicsot" {elec, rF+ rN+ Dex-4}
   (You took it off an orc on level 7 of the Dungeon)

   Occasionally, upon striking a foe, it can discharge electrical energy and
   cause terrible harm.
   It affects your dexterity (-4).
   It protects you from fire.
   It protects you from negative energy.
Missiles
 b - 325 stones
 t - 4 atropa-tipped darts
Armour
 a - a +1 robe
 d - a +0 ring mail of poison resistance
 l - a +0 pair of gloves (worn)
 m - a +1 cloak
 x - a +2 cloak of poison resistance (worn)
 y - a +0 pair of boots (worn)
 D - a +0 robe of cold resistance
 L - +0 acid dragon scales (worn)
Jewellery
 j - a +6 ring of intelligence
 o - an amulet of faith
 p - a ring of flight (left hand)
 r - an amulet of reflection (around neck)
 s - a ring of fire (right hand)
 F - a ring of magical power
 J - a ring of fire
Wands
 u - a wand of iceblast (12)
Scrolls
 c - 7 scrolls of teleportation
 A - a scroll of magic mapping
 E - a scroll of holy word
 H - 2 scrolls of immolation
 I - a scroll of identify
Potions
 e - a potion of brilliance
 h - 4 potions of curing
 i - 3 potions of attraction
 k - a potion of heal wounds {unknown}
 n - a potion of cancellation {unknown}
 q - 2 potions of ambrosia
 v - 2 potions of magic
 w - a potion of haste {unknown}
 B - a potion of lignification {unknown}
 C - a potion of degeneration {unknown}
 K - a potion of berserk rage {unknown}
 M - a potion of might {unknown}


   Skills:
 + Level 2.8 Fighting
 + Level 4.0 Maces & Flails
 * Level 1.4 Armour
 + Level 3.5 Dodging
 - Level 2.1 Stealth
 + Level 1.8 Shields
 + Level 7.6 Spellcasting
 + Level 7.9 Conjurations
 + Level 7.7 Fire Magic
 * Level 2.0 Ice Magic
 * Level 3.3 Air Magic
 * Level 4.9 Poison Magic


You had 7 spell levels left.
You knew the following spells:

 Your Spells              Type           Power      Damage    Failure   Level
a - Foxfire               Conj/Fire      100%       2x1d9     1%          1
b - Conjure Flame         Conj/Fire      51%        6-21      1%          3
c - Sticky Flame          Conj/Fire      51%        2d7       6%          4
d - Fireball              Conj/Fire      25%        3d11      16%         5
e - Mephitic Cloud        Conj/Pois/Air  26%        N/A       4%          3
f - Freeze                Ice            56%        1d7       6%          1

Your spell library contained the following spells:

 Spells                   Type           Power      Damage    Failure   Level
 Sandblast                Erth           12%        2d6       16%         1
 Shock                    Conj/Air       100%       1d9       1%          1
 Static Discharge         Conj/Air       27%        N/A       2%          2
 Poisonous Vapours        Pois/Air       42%        N/A       4%          2
 Inner Flame              Hex/Fire       31%        N/A       9%          3
 Swiftness                Air            18%        N/A       11%         3
 Airstrike                Air            9%         N/A       36%         4
 Lightning Bolt           Conj/Air       13%        1d27      38%         5
 Confusing Touch          Hex            6%         N/A       41%         3
 Gell's Gravitas          Tloc           3%         N/A       41%         3
 Petrify                  Tmut/Erth      6%         N/A       83%         4
 Metabolic Englaciation   Hex/Ice        5%         N/A       95%         5
 Freezing Cloud           Conj/Ice/Air   11%        6-21      98%         6
 Yara's Violent Unravell  Hex/Tmut       3%         3d4       99%         5


Dungeon Overview and Level Annotations

Branches:
Dungeon (9/15)             Temple (1/1) D:6
   Lair: D:8-11         Orc: D:9-12

Altars:
Ashenzari
Cheibriados
Dithmenos
Elyvilon
Fedhas
Gozag
Hepliaklqana
Kikubaaqudgha
Makhleb
Nemelex Xobeh
Okawaru
Qazlal
Ru
Sif Muna
Trog
Uskayaw
Vehumet
Wu Jian
Xom
Yredelemnul
Zin

Shops:
D:2 [   D:3 [   D:8 *


Innate Abilities, Weirdness & Mutations

You are immune to sickness and miasma.
Your stone body is resilient. (AC +7)
You are immune to poison.
You resist negative energy. (rN+)
You are resistant to electric shocks. (rElec)
You are resistant to unholy torment.
You are immune to petrification.


Message History

The yak is severely wounded.
The foxfire hits the yak.
The yak is severely wounded.
The yak gores you but does no damage. The yak barely misses you. x2
The yak burns!
You sock the yak!
The yak is severely wounded.
The yak burns!
The yak gores you! The yak gores you. The yak gores you but does no damage.
The yak gores you! You block the yak's attack.
You hit the yak but do no damage.
The yak is severely wounded.
The yak burns! x2; The yak gores you.
* * * LOW HITPOINT WARNING * * *
The yak closely misses you. x2; The yak barely misses you.
The yak burns!
You kill the yak!
Vehumet accepts your kill.
You feel your power returning. The yak gores you.
* * * LOW HITPOINT WARNING * * *
You see here a +0 scale mail.
Casting: Sticky Flame (dangerous; 6% risk of failure)
Confirm with . or Enter, or press ? or * to list all spells.
You feel a surge of power!
You conjure some foxfire!
The yak gores you but does no damage. The yak closely misses you.
You hit the yak.
The yak is almost dead.
The foxfire hits the yak.
You kill the yak!
Vehumet accepts your kill.
The foxfire hits the yak but does no damage.
The yak is heavily wounded.
The yak gores you!
* * * LOW HITPOINT WARNING * * *
Your Ice Magic skill increases to level 2!
You hit the yak.
The yak is heavily wounded.
The yak gores you!
You die...

#..).#...# #....#...#
#....#...#
#####>...#...#
#....#####...# #....#
....# . #....#
..##+##### ##..§§#
.........# #...@.#
.........# #..Y†.#
.........# #.....+
.....†...####.....#
..................#
..................#
..#######.............
. #........>....
#####..........


You could see a yak.

Vanquished Creatures
  A hydra (D:8)
  Joseph (D:7)
  Psyche (D:8)
  A hornet (D:8)
  Prince Ribbit (D:7)
  Grum (D:8)
  4 yaks (D:9)
  Edmund (D:5)
  A steam dragon (D:8)
  Menkaure (D:7)
  2 acid dragons
  A water moccasin (D:8)
  A black bear (D:7)
  A sky beast (D:8)
  2 orc warriors
  2 ice beasts
  2 ogres (D:6)
  5 centaurs
  2 wolves (D:8)
  A phantom (D:5)
  A kobold brigand (D:8)
  Blork the orc (D:6)
  2 bullfrogs
  A gnoll sergeant (D:9)
  4 scorpions
  A water moccasin zombie (D:6)
  A wyvern skeleton (D:6)
  A water moccasin skeleton (D:4)
  6 killer bees (D:9)
  2 howler monkeys
  A crimson imp (D:6)
  A centaur skeleton (D:5)
  6 orc priests
  A jelly (D:7)
  5 iguanas
  13 orc wizards
  2 hound skeletons (D:4)
  A howler monkey zombie (D:4)
  7 adders
  5 gnolls (D:9)
  A shadow imp (D:7)
  A white imp (D:5)
  An ufetubus (D:4)
  An adder skeleton (D:4)
  2 worms
  34 orcs
  7 ball pythons
  5 endoplasms
  2 giant cockroaches
  7 goblins
  4 hobgoblins
  9 jackals
  7 kobolds
  A quokka (D:3)
  5 bats
  3 frilled lizards
184 creatures vanquished.

Vanquished Creatures (collateral kills)
  3 foxfires (D:7)
3 creatures vanquished.

Vanquished Creatures (others)
  743 foxfires
  A plant (D:6)
744 creatures vanquished.

Grand Total: 931 creatures vanquished

Notes
Turn   | Place    | Note
-------+----------+-------------------------------------------
     0 | D:1      | funkygono the Gargoyle Fire Elementalist began the quest
                  | for the Orb.
     0 | D:1      | Reached XP level 1. HP: 10/10 MP: 3/3
   340 | D:1      | Reached XP level 2. HP: 15/15 MP: 3/5
   989 | D:2      | Reached XP level 3. HP: 19/19 MP: 3/6
  1245 | D:2      | Found a shimmering blue altar of Sif Muna.
  1626 | D:2      | Found Gapt's Armour Boutique.
  1669 | D:2      | Bought a +0 cloak for 58 gold pieces
  1893 | D:2      | Found a faded altar of an unknown god.
  2074 | D:3      | Reached XP level 4. HP: 24/24 MP: 1/8
  2238 | D:2      | Learned a level 3 spell: Conjure Flame
  2243 | D:2      | Learned a level 4 spell: Sticky Flame
  2404 | D:3      | Found Fenev's Armour Emporium.
  2767 | D:3      | Reached XP level 5. HP: 21/28 MP: 3/9
  3654 | D:4      | Reached XP level 6. HP: 31/32 MP: 8/11
  3706 | D:4      | Reached skill level 1 in Maces & Flails
  4005 | D:5      | Entered Level 5 of the Dungeon
  4041 | D:5      | Reached skill level 5 in Fire Magic
  4062 | D:5      | Noticed an ice beast
  4069 | D:5      | Killed an ice beast
  4070 | D:5      | Reached XP level 7. HP: 20/37 MP: 5/13
  4335 | D:5      | Noticed Edmund
  4494 | D:5      | Killed Edmund
  4997 | D:5      | Reached XP level 8. HP: 42/42 MP: 11/15
  5038 | D:5      | Learned a level 5 spell: Fireball
  5129 | D:6      | Reached skill level 5 in Spellcasting
  5129 | D:6      | Reached skill level 5 in Conjurations
  5865 | D:6      | Noticed Blork the orc
  5879 | D:6      | Killed Blork the orc
  6317 | D:6      | Found a burning altar of Makhleb.
  6526 | D:6      | Found a blossoming altar of Fedhas.
  6526 | D:6      | Found a hide-covered altar of Uskayaw.
  6551 | D:6      | Reached XP level 9. HP: 48/48 MP: 5/18
  6647 | D:6      | Found a staircase to the Ecumenical Temple.
  6651 | Temple   | Entered the Ecumenical Temple
  6817 | Temple   | Became a worshipper of Vehumet
  7146 | D:6      | Identified a scroll of acquirement
  7146 | D:6      | Acquired a book of Clouds
  7155 | D:6      | Learned a level 3 spell: Mephitic Cloud
  7190 | D:7      | Noticed Menkaure
  7195 | D:7      | Killed Menkaure
  7403 | D:7      | Reached skill level 1 in Air Magic
  7405 | D:7      | Identified the +9 scimitar "Husicsot" {elec, rF+ rN+ Dex-4}
  7496 | D:7      | Noticed Prince Ribbit
  7502 | D:7      | Killed Prince Ribbit
  7503 | D:7      | Reached skill level 1 in Poison Magic
  8035 | D:7      | Noticed Joseph
  8047 | D:7      | Killed Joseph
  8288 | D:7      | Found a hazy altar of Hepliaklqana.
  8665 | D:8      | Reached skill level 1 in Shields
  8944 | D:8      | Reached XP level 10. HP: 47/54 MP: 8/20
  9089 | D:8      | Found a sparkling altar of Nemelex Xobeh.
  9089 | D:8      | Noticed Grum
  9121 | D:8      | HP: 2/54 [Grum/+1 halberd (15)]
  9427 | D:8      | Killed Grum
  9650 | D:8      | Noticed Psyche
  9665 | D:8      | Killed Psyche
  9684 | D:8      | Reached * piety under Vehumet
  9684 | D:8      | Offered knowledge of Freeze by Vehumet.
  9690 | D:8      | Learned a level 1 spell: Freeze
  9986 | D:8      | Noticed a five-headed hydra
 10513 | D:8      | Reached skill level 1 in Ice Magic
 10651 | D:8      | Killed a five-headed hydra
 11157 | D:8      | Found Zutya's Assorted Antiques.
 11263 | D:9      | Reached skill level 1 in Armour
 11534 | D:9      | Reached ** piety under Vehumet
 11534 | D:9      | Offered knowledge of Sandblast by Vehumet.
 11558 | D:9      | HP: 2/54 [yak (9)]
 11559 | D:9      | Mangled by a yak

Illustrated notes

Levels and vault maps discovered:
D:1:      dpeg_arrival_arbitrary_a, layout_basic, minmay_split_cup_small
D:2:      layout_basic, basic_altar, shapermc_ecumenical_altar_mp_vishouse,
          serial_shops, shop
D:3:      layout_loops_ring, serial_shops, nicolae_shop_statue_plus,
          minivault_11
D:4:      layout_loops_ring, minmay_misc_feat_enclosed
D:5:      layout_rooms, uniq_edmund
D:6:      layout_loops_ring, makhleb_grotto_becter,
          gammafunk_temple_overflow_wave, minmay_temple_entry_proselytizer,
          uniq_blork_the_orc
D:7:      layout_gridville, nicolae_hepliaklqana_hazy_memory, uniq_menkaure,
          uniq_joseph, uniq_prince_ribbit1
D:8:      layout_basic, old_standard_altar, serial_shops, kennysheep_little_box,
          minmay_chambers_of_fives, uniq_grum, uniq_psyche
D:9:      nzn_winding_woodlands_small [nzn_winding_woodlands_5x15_garden,
          nzn_winding_woodlands_center_garden,
          nzn_winding_woodlands_5x15_pockets], layout_gridville
Temple:   regret_index_temple_sphere_string

Skill      XL: |  1  2  3  4  5  6  7  8  9 10 |
---------------+-------------------------------+-----
Fire Magic     | 4 5 6 7 |  7.7
Conjurations   | 2 4 6 7 |  7.9
Spellcasting   | 3 4 6 7 |  7.6
Maces & Flails | 1 3 4 |  4.0
Dodging        | 2 3 |  3.5
Fighting       | 2 |  2.8
Air Magic      | 2 3 |  3.3
Poison Magic   | 2 4 |  4.9
Shields        | 1 |  1.8
Ice Magic      | 2 |  2.0
Armour         | 1 |  1.4
Stealth        | |  2.1

Action                   |  1- 3 |  4- 6 |  7- 9 | 10-12 || total
-------------------------+-------+-------+-------+-------++-------
Melee: Club              |       |    15 |       |       ||    15
       Flail             |       |    37 |    93 |    30 ||   160
 Cast: Foxfire           |    55 |    74 |   171 |   128 ||   428
       Conjure Flame     |       |       |    11 |     1 ||    12
       Sticky Flame      |       |       |    13 |     7 ||    20
       Mephitic Cloud    |       |       |       |     1 ||     1
  Use: Scroll            |     5 |     6 |    11 |       ||    22
       Potion            |       |       |     1 |       ||     1
Armor: Robe              |     7 |    22 |    55 |     8 ||    92
       Acid dragon scale |       |       |       |    31 ||    31
       Skin              |       |       |       |     5 ||     5
Dodge: Dodged            |    11 |    39 |    45 |    61 ||   156
Block: Other             |       |     3 |    25 |    30 ||    58
       Reflection        |       |       |     3 |       ||     3

Table legend: (Time is in decaauts)
 A = Elapsed time spent in this place.
 B = Non-inter-level travel time spent in this place.
 C = Inter-level travel time spent in this place.
 D = Time resting spent in this place.
 E = Time spent auto-exploring this place.
 F = Levels seen in this place.
 G = Mean time per level.
                   A        B        C        D        E       F      G
               +--------+--------+--------+--------+--------+-----+--------+
         Total |  11617 |  11083 |    534 |   1186 |   8119 |  10 | 1161.7 |
       Dungeon |  11421 |  10916 |    505 |   1186 |   7965 |   9 | 1269.0 |
        Temple |    195 |    166 |     29 |      0 |    154 |   1 |  195.0 |
               +--------+--------+--------+--------+--------+-----+--------+

Top non-repeatable levels by time:
     D:7: 1989 daAuts
     D:8: 1873 daAuts
     D:6: 1815 daAuts
     D:2: 1418 daAuts
     D:5: 1144 daAuts
     D:4: 1039 daAuts
     D:3: 945 daAuts
     D:1: 853 daAuts
     D:9: 342 daAuts
  Temple: 195 daAuts
